Cogmind - Beta 12 X1 @@@ ROGUE MODE // 2022.07.19 @ 12:18:10 Player: lsend Result: Destroyed by H-88 Terminator with KE Penetrator Performance ------------- Evolutions (8) 4000 Regions Visited (24) 4800 Robots Destroyed (26) 130 Value Destroyed (661) 661 Prototype IDs (25) 500 Alien Tech Used (0) 0 Bonus (2460) 2460 TOTAL SCORE: 12551 Bonus ------- Pacifist 928 High Alert Combat Kills 31 Follower Combat Kills 401 Entered Garrisons 800 Aligned with FarCom 300 Cogmind --------- Core Integrity 0/1450 Matter 270/300 Energy 54/100 System Corruption 7% Temperature Cool (0) Movement Core (50) Location -2/Garrison Parts ------- > --- POWER (2) -------- (None) > --- PROPULSION (8) --- (None) > --- UTILITY (11) ----- Advanced Visual Processing Unit 0b10 Alert Chip > --- WEAPON (2) ------- (None) > --- INVENTORY (5) ---- Light Nuclear Core Small Storage Unit Advanced Force Field Enhanced Force Lance Enhanced Force Lance Peak State ------------ > --- POWER ------------ Backup Power III > --- PROPULSION ------- Armored Heavy Treads Armored Heavy Treads Backup Propulsion III > --- UTILITY ---------- Improved Energy Well Advanced Visual Processing Unit 0b10 Alert Chip > --- WEAPON ----------- (None) > --- INVENTORY -------- Backup Power III Light Nuclear Core Small Storage Unit [Rating: 54] Favorites ----------- Power Backup Power III Engine Backup Power III Power Core Light Nuclear Core Propulsion Improved Treads Treads Improved Treads Leg Improved Titanium Leg Hover Unit Backup Propulsion III Flight Unit VTOL Module Utility Advanced Visual Processing Unit Device Weight Redist. System Storage Improved Energy Well Processor Advanced Visual Processing Unit Protection Improved Utility Shielding Weapon Katana Energy Gun Backup Laser III Launcher Rocket Launcher Impact Weapon Power Maul Slashing Weapon Katana Piercing Weapon Spear Build | -11 -10 -9 -9 -9 -8 -8 -7 -7 -7 -7 -7 -7 -5 -5 -5 -5 -4 -4 -4 -4 -4 -3 -2 -2 ------- Run | Scr Mat Mat Min Exi Min Mat Fac Gar Fac Gar Sto Rec Fac Was Fac Gar Fac Was Fac Upp Upp Res Res Gar Slots Evolved 16 | . . 2 . . . 2 2 . . . . . 4 . . . 2 . . . . 2 2 . Power 1 | . . . . . . . . . . . . . 1 . . . . . . . . . . . Propulsion 6 | . . 1 . . . 1 1 . . . . . 1 . . . 1 . . . . 1 . . Utility 9 | . . 1 . . . 1 1 . . . . . 2 . . . 1 . . . . 1 2 . Weapon . | . . . . . . . . . . . . . . . . . . . . . . . . . Parts Attached 61 | 2 . 4 . 1 . 5 5 . 2 . 7 1 1 . 7 7 5 . 7 . . 2 2 3 Power 4 | . . . . . . . . . . . . . . . 1 1 . . 1 . . . 1 . Engine 2 | . . . . . . . . . . . . . . . . . . . 1 . . . 1 . Core 2 | . . . . . . . . . . . . . . . 1 1 . . . . . . . . Reactor . | . . . . . . . . . . . . . . . . . . . . . . . . . Propulsion 31 | 2 . 1 . . . 3 5 . 1 . 5 . . . 3 4 3 . 3 . . 1 . . Treads 13 | 2 . 1 . . . 2 . . 1 . 5 . . . . . 2 . . . . . . . Leg 6 | . . . . . . 1 5 . . . . . . . . . . . . . . . . . Wheel . | . . . . . . . . . . . . . . . . . . . . . . . . . Hover . | . . . . . . . . . . . . . . . . . . . . . . . . . Flight 12 | . . . . . . . . . . . . . . . 3 4 1 . 3 . . 1 . . Utility 11 | . . 2 . 1 . 1 . . . . 1 . . . 1 . 1 . 3 . . 1 . . Device 2 | . . . . . . 1 . . . . . . . . . . . . 1 . . . . . Storage 1 | . . . . . . . . . . . . . . . . . 1 . . . . . . . Processor 3 | . . 2 . 1 . . . . . . . . . . . . . . . . . . . . Hackware . | . . . . . . . . . . . . . . . . . . . . . . . . . Protection 5 | . . . . . . . . . . . 1 . . . 1 . . . 2 . . 1 . . Artifact . | . . . . . . . . . . . . . . . . . . . . . . . . . Weapon 15 | . . 1 . . . 1 . . 1 . 1 1 1 . 2 2 1 . . . . . 1 3 Energy Gun . | . . . . . . . . . . . . . . . . . . . . . . . . . Energy Cannon . | . . . . . . . . . . . . . . . . . . . . . . . . . Ballistic Gun . | . . . . . . . . . . . . . . . . . . . . . . . . . Ballistic Cannon . | . . . . . . . . . . . . . . . . . . . . . . . . . Launcher 5 | . . . . . . . . . . . 1 . . . 2 2 . . . . . . . . Special Weapon . | . . . . . . . . . . . . . . . . . . . . . . . . . Impact Weapon 1 | . . . . . . . . . . . . . 1 . . . . . . . . . . . Slashing Weapon 4 | . . 1 . . . 1 . . 1 . . 1 . . . . . . . . . . . . Piercing Weapon 5 | . . . . . . . . . . . . . . . . . 1 . . . . . 1 3 Special Melee Weapon . | . . . . . . . . . . . . . . . . . . . . . . . . . Unidentified Prototypes 2 | . . . . . . . . . . . . . . . . . 1 . 1 . . . . . Parts Lost 37 | . . . . . . . . 1 1 . 9 . 1 1 . 13 4 . . 5 . . . 2 Power 5 | . . . . . . . . . . . . . . . . 3 . . . 1 . . . 1 Propulsion 24 | . . . . . . . . . 1 . 6 . 1 1 . 7 4 . . 3 . . . 1 Utility 3 | . . . . . . . . . . . 2 . . . . 1 . . . . . . . . Weapon 5 | . . . . . . . . 1 . . 1 . . . . 2 . . . 1 . . . . Highest Loss Streak 8 | . . . . . . . . 1 1 . 8 . 1 1 . 5 4 . . 5 . . . 2 To Critical Strikes . | . . . . . . . . . . . . . . . . . . . . . . . . . Average Slot Usage (%) 46 | . 28 47 55 60 66 70 68 64 67 69 54 48 40 35 43 38 25 15 23 32 15 21 27 15 Treads 13 | . 28 25 33 33 33 27 9 . 5 7 20 30 22 17 . . 6 . . . . . . . Leg 7 | . . . . . . 7 28 38 31 30 10 . . . . . . . . . . . . . Flight 2 | . . . . . . . . . . . . . . . 14 13 . . 4 6 . 3 4 1 Device 2 | . . . . . . 8 7 7 7 7 2 . . . . . . . 1 1 . . . . Processor 12 | . . 11 11 16 22 18 15 15 15 15 15 15 11 11 11 11 10 10 10 10 10 9 8 8 Protection 1 | . . . . . . . . . . . 1 . . . 3 1 . . 3 8 5 8 8 3 Slashing Weapon 3 | . . 11 11 11 11 9 7 3 6 7 2 2 1 . . . . . . . . . . . Naked Turns . | . . . . . . . . . . . . . . . . . . . . . . . . . Heaviest Build 14 | . . 2 2 2 2 2 2 2 2 2 4 2 3 3 12 12 4 2 14 14 2 4 14 14 Greatest Support 92 | 3 3 3 3 3 3 3 3 3 80 80 92 92 3 3 12 16 8 3 20 20 3 16 16 16 Greatest Overweight (x) 3 | . . . . . . . . . . . 1 . . . . 1 1 . . . . . . 3 Average Overweight (x) . | . . . . . . . . . . . . . . . . . . . . . . . . . Largest Inventory Capacity 5 | 5 5 5 5 5 5 5 5 5 5 5 5 5 5 5 5 5 5 5 5 5 5 5 5 5 Average Capacity 5 | 5 5 5 5 5 5 5 5 5 5 5 5 5 5 5 5 5 5 5 5 5 5 5 5 5 Most Carried 5 | 1 4 5 5 5 5 5 5 5 5 5 5 5 5 5 5 5 5 5 5 5 5 5 5 5 Average Carried 4 | . 2 4 5 5 5 5 5 5 4 5 4 5 5 5 3 4 3 5 4 4 5 4 4 4 Final Capacity 5 | 5 5 5 5 5 5 5 5 5 5 5 5 5 5 5 5 5 5 5 5 5 5 5 5 5 Final Carried 5 | 1 4 5 5 5 5 5 5 5 5 5 5 5 5 5 5 2 5 5 4 5 5 4 5 5 Class Distribution -------------------- 60% | Scout 13% | Mutant 11% | Commander-Scout 5% | Commander-Mutant 4% | Assassin 4% | Scavenger-Scout Dominant Class ---------------- Mutant | -10/Materials Mutant | -9/Materials Mutant | -9/Mines Mutant | -9/Exiles Scout | -8/Mines Scout | -8/Materials Scout | -7/Factory Scout | -7/Garrison Scout | -7/Factory Scout | -7/Garrison Scout | -7/Storage Commander-Scout | -7/Recycling Scout | -5/Factory Scout | -5/Waste Scout | -5/Factory Scout | -5/Garrison Scout | -4/Factory Scout | -4/Waste Scout | -4/Factory Mutant | -4/Upper Caves Mutant | -4/Upper Caves Scout | -3/Research Scout | -2/Research Scout | -2/Garrison Resources | -11 -10 -9 -9 -9 -8 -8 -7 -7 -7 -7 -7 -7 -5 -5 -5 -5 -4 -4 -4 -4 -4 -3 -2 -2 ----------- Run | Scr Mat Mat Min Exi Min Mat Fac Gar Fac Gar Sto Rec Fac Was Fac Gar Fac Was Fac Upp Upp Res Res Gar Matter Collected 802 | 220 . . . . . . 146 . 20 . 63 31 . . 16 183 41 . 30 4 . . 48 . Remotely . | . . . . . . . . . . . . . . . . . . . . . . . . . Salvage Created 797 | . . . . . . . . . 124 . 281 . . . 68 134 62 . 100 28 . . . . Parts 55 | . . . . . . . . . 14 . 18 . . . 12 2 4 . 3 2 . . . . Haulers Intercepted 4 | . . . . . . . . . 1 . 2 . . . . . . . 1 . . . . . Recyclers Shooed . | . . . . . . . . . . . . . . . . . . . . . . . . . Parts Field Recycled . | . . . . . . . . . . . . . . . . . . . . . . . . . Retrieved Matter . | . . . . . . . . . . . . . . . . . . . . . . . . . Parts Self-Destructed 2 | . . . . . . . . . . . . . . . . . . . . 2 . . . . Prevented 1 | . . . . . . . . . . . . . . . . . . . . 1 . . . . Kills | -11 -10 -9 -9 -9 -8 -8 -7 -7 -7 -7 -7 -7 -5 -5 -5 -5 -4 -4 -4 -4 -4 -3 -2 -2 ------- Run | Scr Mat Mat Min Exi Min Mat Fac Gar Fac Gar Sto Rec Fac Was Fac Gar Fac Was Fac Upp Upp Res Res Gar Combat Hostiles Destroyed 16 | . . . . . . . . . . . 4 . . . 9 1 1 . . 1 . . . . Melee 6 | . . . . . . . . . . . 4 . . . . . 1 . . 1 . . . . AOE 10 | . . . . . . . . . . . . . . . 9 1 . . . . . . . . Classes Destroyed 6 | . . . . . . . . . 3 . 2 . . . 1 . . . . . . . . . Worker 3 | . . . . . . . . . 1 . . . . . . . 2 . . . . . . . Builder 3 | . . . . . . . . . 2 . 1 . . . . . . . . . . . . . Hauler 4 | . . . . . . . . . 1 . 2 . . . . . . . 1 . . . . . Swarmer 12 | . . . . . . . . . . . . . . . 9 1 1 . . 1 . . . . Sentry 2 | . . . . . . . . . . . 2 . . . . . . . . . . . . . Programmer 2 | . . . . . . . . . . . 2 . . . . . . . . . . . . . Best Kill Streak 5 | . . . . . . . . . 3 . 3 . . . 5 1 3 . 1 1 . . . . Combat Bots Only 5 | . . . . . . . . . . . 3 . . . 5 1 1 . . 1 . . . . Max Kills in Single Turn 2 | . . . . . . . . . 1 . 1 . . . 2 1 1 . 1 1 . . . . Gunslinging . | . . . . . . . . . . . . . . . . . . . . . . . . . Exploded 2 | . . . . . . . . . . . . . . . 2 1 . . . . . . . . Melee 1 | . . . . . . . . . . . 1 . . . . . 1 . . 1 . . . . Uniques/NPCs Destroyed . | . . . . . . . . . . . . . . . . . . . . . . . . . Combat | -11 -10 -9 -9 -9 -8 -8 -7 -7 -7 -7 -7 -7 -5 -5 -5 -5 -4 -4 -4 -4 -4 -3 -2 -2 -------- Run | Scr Mat Mat Min Exi Min Mat Fac Gar Fac Gar Sto Rec Fac Was Fac Gar Fac Was Fac Upp Upp Res Res Gar Damage Taken 7679 | . 208 142 . . . 51 . 286 375 355 1309 . 99 54 90 1373 954 . 72 506 . 187 105 1513 Core 3587 | . 63 40 . . . . . 23 51 32 332 . 37 54 . 824 142 . 72 358 . 109 41 1409 Absorbed by Shields 63 | . . . . . . . . . . 10 . . . . . 34 . . . . . . . 19 Redirected to Shielding 59 | . . . . . . . . . . . 58 . . . . . . . . 1 . . . . Core Remaining (%) 68 | 100 74 . . . 90 100 . . . . . 37 . . . 8 . . . . 50 91 . . Volleys Fired 13 | . . . . . . . . . . . 1 . . . 7 5 . . . . . . . . Largest 1 | . . . . . . . . . . . 1 . . . 1 1 . . . . . . . . Hottest 33 | . . . . . . . . . . . 33 . . . 33 33 . . . . . . . . Shots Fired 13 | . . . . . . . . . . . 1 . . . 7 5 . . . . . . . . Gun . | . . . . . . . . . . . . . . . . . . . . . . . . . Cannon . | . . . . . . . . . . . . . . . . . . . . . . . . . Launcher 13 | . . . . . . . . . . . 1 . . . 7 5 . . . . . . . . Special . | . . . . . . . . . . . . . . . . . . . . . . . . . Kinetic . | . . . . . . . . . . . . . . . . . . . . . . . . . Thermal . | . . . . . . . . . . . . . . . . . . . . . . . . . Explosive 13 | . . . . . . . . . . . 1 . . . 7 5 . . . . . . . . Electromagnetic . | . . . . . . . . . . . . . . . . . . . . . . . . . Robot Hit Streak 2 | . . . . . . . . . . . . . . . . 2 . . . . . . . . Robot Miss Streak 2 | . . . . . . . . . . . . . . . 2 1 . . . . . . . . Penetration Max . | . . . . . . . . . . . . . . . . . . . . . . . . . Secondary Targets . | . . . . . . . . . . . . . . . . . . . . . . . . . Shots Hit Robots 29 | . . . . . . . . . 5 . 9 . . . . 4 6 . 2 3 . . . . Core Hits 32 | . . . . . . . . . 3 . 6 . . . 15 3 3 . 1 1 . . . . Critical Kills . | . . . . . . . . . . . . . . . . . . . . . . . . . Critical Parts Destroyed 1 | . . . . . . . . . . . . . . . . 1 . . . . . . . . Critical Strikes 5 | . . . . . . . . . . . 2 . . . . 1 . . 1 1 . . . . Smash 1 | . . . . . . . . . . . . . . . . 1 . . . . . . . . Sever 2 | . . . . . . . . . . . 2 . . . . . . . . . . . . . Impale 2 | . . . . . . . . . . . . . . . . . . . 1 1 . . . . Melee Attacks 71 | . . . . . . 8 . . 8 6 13 . . . . 7 7 . 8 6 . . 4 4 Impact 7 | . . . . . . . . . . . . . . . . 7 . . . . . . . . Slashing 35 | . . . . . . 8 . . 8 6 13 . . . . . . . . . . . . . Piercing 29 | . . . . . . . . . . . . . . . . . 7 . 8 6 . . 4 4 Sneak Attacks 8 | . . . . . . . . . 4 . 1 . . . . . 2 . 1 . . . . . Combat Hostiles . | . . . . . . . . . . . . . . . . . . . . . . . . . Follow-up Attacks . | . . . . . . . . . . . . . . . . . . . . . . . . . Damage Inflicted 2047 | . . 4 . . . . . . 284 . 341 . 1 . 693 334 200 . 87 103 . . . . Guns . | . . . . . . . . . . . . . . . . . . . . . . . . . Cannons . | . . . . . . . . . . . . . . . . . . . . . . . . . Explosions 883 | . . . . . . . . . . . . . . . 693 190 . . . . . . . . Melee 1097 | . . . . . . . . . 284 . 330 . . . . 105 199 . 87 92 . . . . Ramming 67 | . . 4 . . . . . . . . 11 . 1 . . 39 1 . . 11 . . . . Kinetic . | . . . . . . . . . . . . . . . . . . . . . . . . . Thermal . | . . . . . . . . . . . . . . . . . . . . . . . . . Explosive 883 | . . . . . . . . . . . . . . . 693 190 . . . . . . . . Electromagnetic . | . . . . . . . . . . . . . . . . . . . . . . . . . Impact 105 | . . . . . . . . . . . . . . . . 105 . . . . . . . . Slashing 614 | . . . . . . . . . 284 . 330 . . . . . . . . . . . . . Piercing 378 | . . . . . . . . . . . . . . . . . 199 . 87 92 . . . . Highest Corruption 8 | . . . . . . . . . . . 1 2 . . . . . 7 7 8 8 . . 7 Average Corruption 2 | . . . . . . . . . . . 1 1 . . . . . 7 7 7 8 . . 3 Corruption Purged . | . . . . . . . . . . . . . . . . . . . . . . . . . Corruption Blocked . | . . . . . . . . . . . . . . . . . . . . . . . . . Effects 15 | . . . . . . . . . . . 3 2 . . . . . 1 4 4 . . . 1 Message Errors 6 | . . . . . . . . . . . 1 1 . . . . . 1 2 1 . . . . Matter Fused 2 | . . . . . . . . . . . 1 . . . . . . . . 1 . . . . Heat Flow Errors 2 | . . . . . . . . . . . . . . . . . . . 1 1 . . . . Energy Discharges 4 | . . . . . . . . . . . 1 1 . . . . . . 1 . . . . 1 Data Loss (minor) 1 | . . . . . . . . . . . . . . . . . . . . 1 . . . . Overload Shots . | . . . . . . . . . . . . . . . . . . . . . . . . . Overflow Damage 209 | . . . . . . . . . 16 . 22 . . . 15 105 25 . . 26 . . . . Projectiles . | . . . . . . . . . . . . . . . . . . . . . . . . . Explosions 15 | . . . . . . . . . . . . . . . 15 . . . . . . . . . Melee 194 | . . . . . . . . . 16 . 22 . . . . 105 25 . . 26 . . . . Knockbacks . | . . . . . . . . . . . . . . . . . . . . . . . . . Impact . | . . . . . . . . . . . . . . . . . . . . . . . . . Kinetic . | . . . . . . . . . . . . . . . . . . . . . . . . . Secondary . | . . . . . . . . . . . . . . . . . . . . . . . . . Self-Inflicted Damage 65 | . . . . . . . . . . . 39 . . . . 22 . . . 4 . . . . Shots 2 | . . . . . . . . . . . 1 . . . . 1 . . . . . . . . Rammed 26 | . . 1 . . . . . . . . 8 . 3 . . 8 3 . . 3 . . . . Targets Rammed 30 | . . 1 . . . . . . . . 12 . 3 . . 8 3 . . 3 . . . . Kicked . | . . . . . . . . . . . . . . . . . . . . . . . . . Crushed 4 | . . . . . . . . . . . 4 . . . . . . . . . . . . . Highest Temperature 134 | . . . . . . . . . . 2 8 . . . . . . . 134 94 . . . . Average Temperature 50 | . . . . . . . . . . 2 8 . . . . . . . 71 52 . . . . Received Heat Transfer 1146 | . 69 54 . . . 27 . 66 18 87 441 . 36 . . 66 153 . 9 9 . 36 . 75 Siege Activations . | . . . . . . . . . . . . . . . . . . . . . . . . . Robots Corrupted . | . . . . . . . . . . . . . . . . . . . . . . . . . Combat Hostiles . | . . . . . . . . . . . . . . . . . . . . . . . . . Parts Fried 2 | . . . . . . . . . . . . . . . . 2 . . . . . . . . Impact Corruptions 1 | . . . . . . . . . . . . . . . . 1 . . . . . . . . Robots Melted . | . . . . . . . . . . . . . . . . . . . . . . . . . Combat Hostiles . | . . . . . . . . . . . . . . . . . . . . . . . . . Parts Melted . | . . . . . . . . . . . . . . . . . . . . . . . . . Heat Transferred . | . . . . . . . . . . . . . . . . . . . . . . . . . Parts Sabotaged . | . . . . . . . . . . . . . . . . . . . . . . . . . Parts Stolen . | . . . . . . . . . . . . . . . . . . . . . . . . . Parts Stripped . | . . . . . . . . . . . . . . . . . . . . . . . . . Power Chain Reactions . | . . . . . . . . . . . . . . . . . . . . . . . . . Missiles Intercepted . | . . . . . . . . . . . . . . . . . . . . . . . . . Alert | -11 -10 -9 -9 -9 -8 -8 -7 -7 -7 -7 -7 -7 -5 -5 -5 -5 -4 -4 -4 -4 -4 -3 -2 -2 ------- Run | Scr Mat Mat Min Exi Min Mat Fac Gar Fac Gar Sto Rec Fac Was Fac Gar Fac Was Fac Upp Upp Res Res Gar Peak Influence 949 | . . 50 19 . . 18 31 124 147 225 280 231 949 332 428 823 477 179 202 . . 67 85 256 Initial 919 | . . . 19 . . . 7 8 65 105 115 42 919 332 211 308 424 155 111 . . 43 37 72 Average 211 | . . 15 19 . . 6 9 35 85 144 153 142 892 320 353 533 447 160 135 . . 48 49 108 Maximum Alert Level 3 | . . . . . . . . . . 1 1 1 3 1 2 3 2 . 1 . . . . 1 Low Security (%) 68 | 100 100 100 100 . 100 100 100 100 100 93 75 83 . . . . . 100 93 . . 100 100 85 Level 1 12 | . . . . . . . . . . 6 24 16 . 100 58 39 . . 6 . . . . 15 Level 2 10 | . . . . . . . . . . . . . . . 41 34 100 . . . . . . . Level 3 8 | . . . . . . . . . . . . . 100 . . 26 . . . . . . . . Level 4 . | . . . . . . . . . . . . . . . . . . . . . . . . . Level 5 . | . . . . . . . . . . . . . . . . . . . . . . . . . High Security . | . . . . . . . . . . . . . . . . . . . . . . . . . Max Security . | . . . . . . . . . . . . . . . . . . . . . . . . . Squads Dispatched 13 | . 1 . . . . . 3 . 1 . 3 . 3 . . . . . 1 . . . 1 . Investigation 8 | . . . . . . . 3 . 1 . 1 . 2 . . . . . 1 . . . . . Extermination . | . . . . . . . . . . . . . . . . . . . . . . . . . Reinforcement 5 | . 1 . . . . . . . . . 2 . 1 . . . . . . . . . 1 . Assault . | . . . . . . . . . . . . . . . . . . . . . . . . . Garrison . | . . . . . . . . . . . . . . . . . . . . . . . . . Intercept . | . . . . . . . . . . . . . . . . . . . . . . . . . Searches Triggered . | . . . . . . . . . . . . . . . . . . . . . . . . . Construction Impeded . | . . . . . . . . . . . . . . . . . . . . . . . . . Haulers Reinforced . | . . . . . . . . . . . . . . . . . . . . . . . . . Active Scanning Responses . | . . . . . . . . . . . . . . . . . . . . . . . . . Cargo Convoy Interrupts . | . . . . . . . . . . . . . . . . . . . . . . . . . Stealth | -11 -10 -9 -9 -9 -8 -8 -7 -7 -7 -7 -7 -7 -5 -5 -5 -5 -4 -4 -4 -4 -4 -3 -2 -2 --------- Run | Scr Mat Mat Min Exi Min Mat Fac Gar Fac Gar Sto Rec Fac Was Fac Gar Fac Was Fac Upp Upp Res Res Gar Distress Signals 10 | . 1 . 1 . . 1 . . . . 3 . 1 . . . . . 2 . . . 1 . Communications Jammed . | . . . . . . . . . . . . . . . . . . . . . . . . . Distress Signals . | . . . . . . . . . . . . . . . . . . . . . . . . . Times Spotted 187 | . 8 2 3 . . 8 2 9 4 8 25 11 8 6 9 40 5 6 3 6 . 2 8 14 Peak Tracking Total 18 | . 8 2 3 . . 8 1 7 3 10 10 2 5 6 5 18 4 6 2 6 . 2 6 14 Tactical Retreats 22 | . . . . . . . . 2 2 1 3 . 4 . . 6 . . 2 . . . . 2 Traps | -11 -10 -9 -9 -9 -8 -8 -7 -7 -7 -7 -7 -7 -5 -5 -5 -5 -4 -4 -4 -4 -4 -3 -2 -2 ------- Run | Scr Mat Mat Min Exi Min Mat Fac Gar Fac Gar Sto Rec Fac Was Fac Gar Fac Was Fac Upp Upp Res Res Gar Traps Triggered 16 | . . . . . . 1 1 . 2 2 2 . 2 . . 2 2 . . . . . 1 1 Indirectly . | . . . . . . . . . . . . . . . . . . . . . . . . . Trap Hack Attempts . | . . . . . . . . . . . . . . . . . . . . . . . . . Triggered . | . . . . . . . . . . . . . . . . . . . . . . . . . Disarmed . | . . . . . . . . . . . . . . . . . . . . . . . . . Reprogrammed . | . . . . . . . . . . . . . . . . . . . . . . . . . Reused . | . . . . . . . . . . . . . . . . . . . . . . . . . Traps Extracted . | . . . . . . . . . . . . . . . . . . . . . . . . . Installed 3 | . . . . . . . . . . . . . . . . . . . . . . . . 3 Triggered . | . . . . . . . . . . . . . . . . . . . . . . . . . Machines | -11 -10 -9 -9 -9 -8 -8 -7 -7 -7 -7 -7 -7 -5 -5 -5 -5 -4 -4 -4 -4 -4 -3 -2 -2 ---------- Run | Scr Mat Mat Min Exi Min Mat Fac Gar Fac Gar Sto Rec Fac Was Fac Gar Fac Was Fac Upp Upp Res Res Gar Machines Disabled 8 | . . . . . . . . . . . 1 2 . . . 1 . . . . . . . 4 Max in Single Turn 1 | . . . . . . . . . . . 1 . . . . . . . . . . . . 1 Garrison Relay 1 | . . . . . . . . . . . . . . . . 1 . . . . . . . . Machines Sabotaged . | . . . . . . . . . . . . . . . . . . . . . . . . . Garrisons Compromised . | . . . . . . . . . . . . . . . . . . . . . . . . . Overloaded Fab Kills . | . . . . . . . . . . . . . . . . . . . . . . . . . Hacking | -11 -10 -9 -9 -9 -8 -8 -7 -7 -7 -7 -7 -7 -5 -5 -5 -5 -4 -4 -4 -4 -4 -3 -2 -2 --------- Run | Scr Mat Mat Min Exi Min Mat Fac Gar Fac Gar Sto Rec Fac Was Fac Gar Fac Was Fac Upp Upp Res Res Gar Machines Accessed 56 | . 2 1 . 2 . 3 7 1 4 2 8 7 3 . 2 3 3 . 3 . . 2 3 . Terminals 36 | . 1 1 . . . 3 4 1 3 2 6 4 3 . . 3 . . 2 . . 1 2 . Fabricators . | . . . . . . . . . . . . . . . . . . . . . . . . . Repair Stations 2 | . . . . . . . . . . . . . . . 1 . 1 . . . . . . . Recycling Units 11 | . 1 . . . . . 2 . . . 1 3 . . . . 2 . 1 . . 1 . . Scanalyzers . | . . . . . . . . . . . . . . . . . . . . . . . . . Garrison Access 5 | . . . . . . . 1 . 1 . 1 . . . 1 . . . . . . . 1 . Total Hacks 100 | . 4 1 . 2 . 5 15 2 7 4 12 14 5 . 3 7 4 . 5 . . 3 7 . Successful 45 | . 1 1 . 2 . 2 5 1 5 2 7 5 2 . 2 3 2 . 2 . . 1 2 . Failed 55 | . 3 . . . . 3 10 1 2 2 5 9 3 . 1 4 2 . 3 . . 2 5 . Catastrophic 15 | . . . . . . 2 3 . . 2 . 1 1 . . 2 1 . 1 . . 1 1 . Database Lockouts . | . . . . . . . . . . . . . . . . . . . . . . . . . Manual 6 | . . . . 1 . 1 . . . . 2 1 . . . . . . 1 . . . . . Terminals 70 | . 2 1 . . . 5 11 2 6 4 8 9 5 . . 7 . . 3 . . 1 6 . Fabricators . | . . . . . . . . . . . . . . . . . . . . . . . . . Repair Stations 2 | . . . . . . . . . . . . . . . 1 . 1 . . . . . . . Recycling Units 17 | . 2 . . . . . 2 . . . 1 5 . . . . 3 . 2 . . 2 . . Scanalyzers . | . . . . . . . . . . . . . . . . . . . . . . . . . Garrison Access 9 | . . . . . . . 2 . 1 . 3 . . . 2 . . . . . . . 1 . Terminal Hacks 31 | . 1 1 . 2 . 2 3 1 4 2 6 3 2 . . 3 . . . . . . 1 . Record 1 | . . . . 1 . . . . . . . . . . . . . . . . . . . . Robot Analysis 1 | . . . . . . . 1 . . . . . . . . . . . . . . . . . Open Door 5 | . . . . . . . . 1 . . 3 . . . . 1 . . . . . . . . Open DSF 2 | . . . . . . . . . 1 . . . 1 . . . . . . . . . . . Branch Access Points 1 | . . . . . . 1 . . . . . . . . . . . . . . . . . . Emergency Access Points 4 | . . . . . . . . . . 1 . 1 . . . 1 . . . . . . 1 . Alert Level 2 | . . . . . . . . . 2 . . . . . . . . . . . . . . . Unreport Threat 2 | . . . . . . . 1 . . . 1 . . . . . . . . . . . . . Locate Traps 4 | . 1 . . . . . . . 1 . 2 . . . . . . . . . . . . . Zone Layout 6 | . . 1 . . . 1 1 . . . . 2 1 . . . . . . . . . . . Patrol Navigation 1 | . . . . . . . . . . 1 . . . . . . . . . . . . . . Security Stations 1 | . . . . . . . . . . . . . . . . 1 . . . . . . . . EX-Prototype ID Bank 1 | . . . . 1 . . . . . . . . . . . . . . . . . . . . Fabricator Hacks . | . . . . . . . . . . . . . . . . . . . . . . . . . Repair Station Hacks 2 | . . . . . . . . . . . . . . . 1 . 1 . . . . . . . Refit 2 | . . . . . . . . . . . . . . . 1 . 1 . . . . . . . Recycling Unit Hacks 7 | . . . . . . . 1 . . . 1 2 . . . . 1 . 1 . . 1 . . Retrieve Components 7 | . . . . . . . 1 . . . 1 2 . . . . 1 . 1 . . 1 . . Scanalyzer . | . . . . . . . . . . . . . . . . . . . . . . . . . Garrison Access Hacks 4 | . . . . . . . 1 . 1 . . . . . 1 . . . . . . . 1 . Unlock Access 4 | . . . . . . . 1 . 1 . . . . . 1 . . . . . . . 1 . Unauthorized Hacks 1 | . . . . . . . . . . . . . . . . . . . 1 . . . . . Terminals 1 | . . . . . . . . . . . . . . . . . . . 1 . . . . . Assimilate 1 | . . . . . . . . . . . . . . . . . . . 1 . . . . . Fabricators . | . . . . . . . . . . . . . . . . . . . . . . . . . Repair Stations . | . . . . . . . . . . . . . . . . . . . . . . . . . Recycling Units . | . . . . . . . . . . . . . . . . . . . . . . . . . Scanalyzers . | . . . . . . . . . . . . . . . . . . . . . . . . . Garrison Access . | . . . . . . . . . . . . . . . . . . . . . . . . . Data Cores Recovered . | . . . . . . . . . . . . . . . . . . . . . . . . . Used . | . . . . . . . . . . . . . . . . . . . . . . . . . Hacking Detections 40 | . 2 . . . . 2 5 1 1 2 6 4 2 . 1 3 3 . 3 . . 2 3 . Full Trace Events 12 | . . . . . . . 2 . 1 2 1 2 1 . . 2 . . 1 . . . . . Feedback Events 1 | . . . . . . . . . . . . 1 . . . . . . . . . . . . Corruption 1 | . . . . . . . . . . . . 1 . . . . . . . . . . . . Feedback Blocked . | . . . . . . . . . . . . . . . . . . . . . . . . . Robot Schematics Acquired . | . . . . . . . . . . . . . . . . . . . . . . . . . Robots Built . | . . . . . . . . . . . . . . . . . . . . . . . . . Authchips . | . . . . . . . . . . . . . . . . . . . . . . . . . Time . | . . . . . . . . . . . . . . . . . . . . . . . . . Total Robot Build Rating . | . . . . . . . . . . . . . . . . . . . . . . . . . Part Schematics Acquired . | . . . . . . . . . . . . . . . . . . . . . . . . . Parts Built . | . . . . . . . . . . . . . . . . . . . . . . . . . Authchips . | . . . . . . . . . . . . . . . . . . . . . . . . . Time . | . . . . . . . . . . . . . . . . . . . . . . . . . Total Part Build Rating . | . . . . . . . . . . . . . . . . . . . . . . . . . Parts Repaired . | . . . . . . . . . . . . . . . . . . . . . . . . . Time . | . . . . . . . . . . . . . . . . . . . . . . . . . Parts Recycled . | . . . . . . . . . . . . . . . . . . . . . . . . . Recycled Matter . | . . . . . . . . . . . . . . . . . . . . . . . . . Retrieved Matter . | . . . . . . . . . . . . . . . . . . . . . . . . . Retrieved Components 8 | . . . . . . . . . . . . 3 . . . . 2 . 3 . . . . . Parts Scanalyzed . | . . . . . . . . . . . . . . . . . . . . . . . . . Part Schematics Acquired . | . . . . . . . . . . . . . . . . . . . . . . . . . Parts Damaged . | . . . . . . . . . . . . . . . . . . . . . . . . . Bothacking | -11 -10 -9 -9 -9 -8 -8 -7 -7 -7 -7 -7 -7 -5 -5 -5 -5 -4 -4 -4 -4 -4 -3 -2 -2 ------------ Run | Scr Mat Mat Min Exi Min Mat Fac Gar Fac Gar Sto Rec Fac Was Fac Gar Fac Was Fac Upp Upp Res Res Gar Used RIF Installer . | . . . . . . . . . . . . . . . . . . . . . . . . . Robots Hacked . | . . . . . . . . . . . . . . . . . . . . . . . . . Non-combat . | . . . . . . . . . . . . . . . . . . . . . . . . . Combat . | . . . . . . . . . . . . . . . . . . . . . . . . . Robot Hacks Applied . | . . . . . . . . . . . . . . . . . . . . . . . . . Relay Couplers Released 5 | . . . . . . . . . . . . . . . . 5 . . . . . . . . Machine Destruction 5 | . . . . . . . . . . . . . . . . 5 . . . . . . . . Fabnet Peak Effective % . | . . . . . . . . . . . . . . . . . . . . . . . . . Robots Rewired 1 | . . . . . . . . . . . . . . . . 1 . . . . . . . . Allies Hacked . | . . . . . . . . . . . . . . . . . . . . . . . . . Hacks Repelled . | . . . . . . . . . . . . . . . . . . . . . . . . . Allies | -11 -10 -9 -9 -9 -8 -8 -7 -7 -7 -7 -7 -7 -5 -5 -5 -5 -4 -4 -4 -4 -4 -3 -2 -2 -------- Run | Scr Mat Mat Min Exi Min Mat Fac Gar Fac Gar Sto Rec Fac Was Fac Gar Fac Was Fac Upp Upp Res Res Gar Total Allies 19 | . . . . . . . . 2 . 1 10 . . 1 . 3 . 1 1 . . . . . Largest Group 10 | . . . . . . . . 2 . 1 10 7 5 1 . 2 . 1 1 1 . . . . Highest-Rated Group 173 | . . . . . . . . 78 . 20 173 112 80 31 . 92 . 46 26 26 . . . . Highest-Rated Ally 85 | . . . . . . . . 39 . 20 29 16 16 31 . 85 . 46 26 26 . . . . Total Orders . | . . . . . . . . . . . . . . . . . . . . . . . . . Ally Attacks 188 | . . . . . . . . 10 . . 46 101 13 4 . 10 . 4 . . . . . . Total Damage 2583 | . . . . . . . . 199 . . 608 895 146 84 . 511 . 140 . . . . . . Kills 35 | . . . . . . . . 3 . . 6 21 . . . 5 . . . . . . . . Allies Corrupted . | . . . . . . . . . . . . . . . . . . . . . . . . . Allies Melted . | . . . . . . . . . . . . . . . . . . . . . . . . . Intel | -11 -10 -9 -9 -9 -8 -8 -7 -7 -7 -7 -7 -7 -5 -5 -5 -5 -4 -4 -4 -4 -4 -3 -2 -2 ------- Run | Scr Mat Mat Min Exi Min Mat Fac Gar Fac Gar Sto Rec Fac Was Fac Gar Fac Was Fac Upp Upp Res Res Gar Robot Analysis Total 1 | . . . . . . . 1 . . . . . . . . . . . . . . . . . Derelict Logs Recovered . | . . . . . . . . . . . . . . . . . . . . . . . . . Drone Launches . | . . . . . . . . . . . . . . . . . . . . . . . . . Drone Recoveries . | . . . . . . . . . . . . . . . . . . . . . . . . . Exploration | -11 -10 -9 -9 -9 -8 -8 -7 -7 -7 -7 -7 -7 -5 -5 -5 -5 -4 -4 -4 -4 -4 -3 -2 -2 ------------- Run | Scr Mat Mat Min Exi Min Mat Fac Gar Fac Gar Sto Rec Fac Was Fac Gar Fac Was Fac Upp Upp Res Res Gar Turns Passed 3628 | 17 83 62 69 111 20 164 234 77 276 112 459 421 201 40 78 345 194 32 153 104 14 113 149 100 Spaces Moved 5820 | 27 160 108 137 218 40 203 441 127 467 165 428 559 354 79 170 637 306 64 273 205 28 241 253 130 Core 4197 | 27 160 108 137 218 40 203 441 127 457 158 387 489 354 79 3 62 300 64 159 69 28 40 . 87 Treads 114 | . . . . . . . . . 1 2 41 70 . . . . . . . . . . . . Legs 14 | . . . . . . . . . 9 5 . . . . . . . . . . . . . . Wheels . | . . . . . . . . . . . . . . . . . . . . . . . . . Hover 5 | . . . . . . . . . . . . . . . . . 5 . . . . . . . Flight 1490 | . . . . . . . . . . . . . . . 167 575 1 . 114 136 . 201 253 43 Fastest Speed 26 | 50 50 50 50 50 50 50 50 50 50 50 50 50 50 50 29 26 35 50 34 34 50 45 45 45 Average Speed 49 | 50 50 50 50 50 50 50 50 50 51 53 68 63 50 50 30 32 52 50 44 40 50 45 45 48 Slowest Speed 170 | 50 50 50 50 50 50 50 50 50 170 170 160 160 50 50 50 112 160 50 50 50 50 50 45 50 Overloaded Moves . | . . . . . . . . . . . . . . . . . . . . . . . . . Propulsion Burnouts . | . . . . . . . . . . . . . . . . . . . . . . . . . Robots Hopped 18 | . . . . . . . . . . . . . . . 2 11 . . . 2 . 3 . . Cave-ins Triggered . | . . . . . . . . . . . . . . . . . . . . . . . . . Exploration Rate (%) 35 | 4 37 14 36 65 22 22 18 39 21 42 72 99 13 80 8 78 11 88 7 54 8 10 12 38 Regions Visited 24 Branch Regions 7 Pre-discovered Areas 1 | . . . . 1 . . . . . . . . . . . . . . . . . . . . Known Exits Taken 4 | . . . . . . . 1 . 1 . . . . . 1 . . . . . . . 1 . Unknown Exits Taken 13 | 1 1 1 1 1 1 1 . . . . 1 1 . . . . . . 1 1 1 1 . . Scrap Searched . | . . . . . . . . . . . . . . . . . . . . . . . . . Spaces Dug 23 | . . . . . . 8 . . 2 . 3 . . . . . . . 6 . . . 4 . Terrain Destroyed 105 | . . . . . . 8 . . 2 . 13 . . . 19 53 . . 6 . . . 4 . Melee 23 | . . . . . . 8 . . 2 . 3 . . . . . . . 6 . . . 4 . Projectile . | . . . . . . . . . . . . . . . . . . . . . . . . . AOE 82 | . . . . . . . . . . . 10 . . . 19 53 . . . . . . . . Terrain Rammed . | . . . . . . . . . . . . . . . . . . . . . . . . . Walls Destroyed . | . . . . . . . . . . . . . . . . . . . . . . . . . Machines Disabled . | . . . . . . . . . . . . . . . . . . . . . . . . . Actions | -11 -10 -9 -9 -9 -8 -8 -7 -7 -7 -7 -7 -7 -5 -5 -5 -5 -4 -4 -4 -4 -4 -3 -2 -2 --------- Run | Scr Mat Mat Min Exi Min Mat Fac Gar Fac Gar Sto Rec Fac Was Fac Gar Fac Was Fac Upp Upp Res Res Gar Total 6378 | 29 162 114 136 218 39 250 455 139 490 178 563 622 376 78 187 742 329 63 287 214 27 239 279 162 Wait 272 | . . . . . . 35 4 13 . . 83 63 17 . . 55 1 . . 1 . . . . Move 5769 | 26 159 108 136 217 39 202 440 126 467 164 427 558 354 78 166 616 306 63 272 200 27 235 253 130 Hop 15 | . . . . . . . . . . . . . . . 2 9 . . . 2 . 2 . . Pick Up 13 | 1 3 1 . . . . 1 . 2 . . . . . 2 . 1 . . . . . 2 . Fast Attach 43 | 2 . 4 . 1 . 5 4 . 1 . 6 1 1 . 3 3 4 . 6 . . 1 1 . Attach 17 | . . . . . . . . . 1 . 1 . . . 4 4 1 . 1 . . 1 1 3 Detach 12 | . . . . . . . . . . . 1 . . . 2 1 3 . . 1 . . . 4 Swap 1 | . . . . . . . 1 . . . . . . . . . . . . . . . . . Drop 16 | . . 1 . . . . 5 . 1 . . . 1 . 1 . 3 . . 1 . . . 3 Fire 13 | . . . . . . . . . . . 1 . . . 7 5 . . . . . . . . Melee 71 | . . . . . . 8 . . 8 6 13 . . . . 7 7 . 8 6 . . 4 4 Ram 11 | . . . . . . . . . . . . . . . . 8 . . . 3 . . . . Kick . | . . . . . . . . . . . . . . . . . . . . . . . . . Crush 18 | . . . . . . . . . . . 12 . 3 . . . 3 . . . . . . . Escape Stasis 94 | . . . . . . . . . 10 8 15 . . . . 28 . . . . . . 18 15 Rewire 10 | . . . . . . . . . . . 4 . . . . 6 . . . . . . . . Trap 3 | . . . . . . . . . . . . . . . . . . . . . . . . 3 Miscellaneous . | . . . . . . . . . . . . . . . . . . . . . . . . . Route ------- -11/Scrapyard -10/Materials -9/Materials -9/Mines -9/Exiles (discovered 2 exits: [*Min x2]) -8/Mines -8/Materials -7/Factory -7/Garrison -7/Factory -7/Garrison -7/Storage (discovered 2 exits: [*Fac] / *Rec) -7/Recycling -5/Factory -5/Waste -5/Factory -5/Garrison (discovered 3 exits: *Fac x3) -4/Factory -4/Waste -4/Factory -4/Upper Caves -4/Upper Caves -3/Research -2/Research -2/Garrison (discovered 1 exit: [*Res]) History --------- Turn | Location | Event 11 | -11/Scrapyard | Discovered new exit (range 12) 18 | -11/Scrapyard | Entered Materials 100 | -10/Materials | Discovered new exit (range 3) 101 | -10/Materials | Entered another Materials area 101 | -9/Materials | Evolved 2 slots: Propulsion x1, Utility x1 153 | -9/Materials | Discovered new exit (range 10) 163 | -9/Materials | Entered Mines 210 | -9/Mines | Assembled infested the area 229 | -9/Mines | Deemed a non-threat by the Exiles lab entrance 230 | -9/Mines | Discovered new exit (range 5) 232 | -9/Mines | Entered Exiles 239 | -9/Exiles | Discovered new exit (range 16) 245 | -9/Exiles | Met 8R-AWN 253 | -9/Exiles | Met EX-HEX 270 | -9/Exiles | Met EX-BIN 276 | -9/Exiles | Aligned with FarCom system 277 | -9/Exiles | Given EX-Vault access code 288 | -9/Exiles | Opened EX-Vault 292 | -9/Exiles | Found 0b10 Alert Chip 305 | -9/Exiles | Warned to stay clear of 0b10 Research branches 313 | -9/Exiles | Build established: Mutant 316 | -9/Exiles | Met EX-DEC 323 | -9/Exiles | Learned location of Zion (-7) 337 | -9/Exiles | Discovered new exit (range 14) 343 | -9/Exiles | Left Exiles lab with 0b10 Alert Chip 343 | -9/Exiles | Entered Mines 361 | -8/Mines | Discovered new exit (range 5) 363 | -8/Mines | Entered Materials 363 | -8/Materials | Evolved 2 slots: Propulsion x1, Utility x1 513 | -8/Materials | Discovered new exit (range 18) 527 | -8/Materials | Entered Factory 527 | -7/Factory | Evolved 2 slots: Propulsion x1, Utility x1 650 | -7/Factory | Build established: Scout 759 | -7/Factory | Identified exit to Garrison 761 | -7/Factory | Entered Garrison 786 | -7/Garrison | Triggered checkpoint 811 | -7/Garrison | Discovered new exit (range 13) 815 | -7/Garrison | Rescued a captive Derelict 818 | -7/Garrison | Rescued a captive Derelict 838 | -7/Garrison | Entered Factory 1114 | -7/Factory | Identified exit to Garrison 1114 | -7/Factory | Entered Garrison 1158 | -7/Garrison | Rescued a captive Derelict 1213 | -7/Garrison | Discovered new exit (range 10) 1226 | -7/Garrison | Entered Storage 1435 | -7/Storage | Core integrity fell below 50% 1445 | -7/Storage | Lost 8 parts (5n2u1w) 1533 | -7/Storage | Assisted by bots powering up and referring to "LRC-V3" 1592 | -7/Storage | Discovered new exit (range 16) 1646 | -7/Storage | Used back door to open Recycling access 1646 | -7/Storage | Discovered new exit (range 5) 1685 | -7/Storage | Entered Recycling 1685 | -7/Recycling | Accompanied by 7 allies 1723 | -7/Recycling | Spotter reported a threat 1723 | -7/Recycling | Spotter reported a threat 1740 | -7/Recycling | Spotter reported a threat 1750 | -7/Recycling | Spotter reported a threat 1778 | -7/Recycling | Spotter reported a threat 1799 | -7/Recycling | Spotter reported a threat 1811 | -7/Recycling | Spotter reported a threat 1812 | -7/Recycling | Spotter reported a threat 1814 | -7/Recycling | Discovered new exit (range 13) 1852 | -7/Recycling | Spotter reported a threat 1857 | -7/Recycling | Spotter reported a threat 1900 | -7/Recycling | Spotter reported a threat 1909 | -7/Recycling | Spotter reported a threat 1910 | -7/Recycling | Spotter reported a threat 1957 | -7/Recycling | Spotter reported a threat 1959 | -7/Recycling | Spotter reported a threat 1962 | -7/Recycling | Spotter reported a threat 1996 | -7/Recycling | Spotter reported a threat 1996 | -7/Recycling | Spotter reported a threat 1996 | -7/Recycling | Spotter reported a threat 2012 | -7/Recycling | Spotter reported a threat 2041 | -7/Recycling | Spotter reported a threat 2075 | -7/Recycling | Spotter reported a threat 2089 | -7/Recycling | Build established: Commander-Scout 2092 | -7/Recycling | Spotter reported a threat 2092 | -7/Recycling | Spotter reported a threat 2106 | -7/Recycling | Entered Factory 2106 | -5/Factory | Accompanied by 5 allies 2106 | -5/Factory | Evolved 4 slots: Power x1, Propulsion x1, Utility x2 2307 | -5/Factory | Sucked down chute 2307 | -5/Factory | Entered Waste 2308 | -5/Waste | Met a frightened Derelict 2310 | -5/Waste | Spotted C-40 Crusher 2312 | -5/Waste | Spotted C-40 Crusher 2321 | -5/Waste | Spotted C-40 Crusher 2328 | -5/Waste | Spotted C-40 Crusher 2329 | -5/Waste | Spotted C-40 Crusher 2329 | -5/Waste | Spotted C-40 Crusher 2341 | -5/Waste | Discovered new exit (range 12) 2341 | -5/Waste | Crushed by Compactor (1 part destroyed, 2 dropped) 2347 | -5/Waste | Entered Factory 2425 | -5/Factory | Identified exit to Garrison 2425 | -5/Factory | Entered Garrison 2435 | -5/Garrison | Build established: Scout 2438 | -5/Garrison | Spotted B-75 Beast 2448 | -5/Garrison | Rewired B-75 Beast 2519 | -5/Garrison | Spotted B-75 Beast 2563 | -5/Garrison | Discovered new exit (range 19) 2567 | -5/Garrison | Lost 5 parts (2p2n1u) 2570 | -5/Garrison | Rescued a captive Derelict 2573 | -5/Garrison | Rescued a captive Derelict 2597 | -5/Garrison | Discovered new exit (range 5) 2605 | -5/Garrison | Learned Factory security intel 2640 | -5/Garrison | Garrison Relay disabled 2654 | -5/Garrison | Triggered checkpoint 2664 | -5/Garrison | Discovered new exit (range 12) 2686 | -5/Garrison | Lost 3 parts (1p2n) 2725 | -5/Garrison | Core integrity fell below 50% 2763 | -5/Garrison | Core integrity fell below 20% 2770 | -5/Garrison | Entered Factory 2770 | -4/Factory | Evolved 2 slots: Propulsion x1, Utility x1 2777 | -4/Factory | Discovered new exit (range 12) 2785 | -4/Factory | Lost 4 parts (2n2w) 2862 | -4/Factory | Spotted B-86 Titan 2964 | -4/Factory | Sucked down chute 2964 | -4/Factory | Entered Waste 2965 | -4/Waste | Met a frightened Derelict 2968 | -4/Waste | Spotted C-40 Crusher 2968 | -4/Waste | Spotted C-40 Crusher 2970 | -4/Waste | Spotted C-40 Crusher 2977 | -4/Waste | Spotted C-40 Crusher 2978 | -4/Waste | Lost 4 parts (4n) 2979 | -4/Waste | EMP discharged 2981 | -4/Waste | Spotted C-40 Crusher 2981 | -4/Waste | Spotted C-40 Crusher 2991 | -4/Waste | Discovered new exit (range 12) 2996 | -4/Waste | Entered Factory 3088 | -4/Factory | Discovered new exit (range 17) 3149 | -4/Factory | Entered Upper Caves 3149 | -4/Upper Caves | Accompanied by 1 ally 3183 | -4/Upper Caves | Attracted the attention of an 0b10 checkpoint 3245 | -4/Upper Caves | Lost 5 parts (1p3n1w) 3249 | -4/Upper Caves | Discovered new exit (range 9) 3253 | -4/Upper Caves | Entered another Upper Caves area 3263 | -4/Upper Caves | Discovered new exit (range 11) 3267 | -4/Upper Caves | Entered Research 3267 | -3/Research | Evolved 2 slots: Propulsion x1, Utility x1 3359 | -3/Research | Discovered new exit (range 7) 3380 | -3/Research | Entered another Research area 3380 | -2/Research | Evolved 2 slots: Utility x2 3426 | -2/Research | Found Enh. Force Lance 3429 | -2/Research | Found Enh. Force Lance 3529 | -2/Research | Identified exit to Garrison 3529 | -2/Research | Entered Garrison 3537 | -2/Garrison | Discovered new exit (range 5) 3542 | -2/Garrison | Triggered checkpoint 3571 | -2/Garrison | Spotted B-90 Cyclops 3574 | -2/Garrison | Triggered checkpoint 3592 | -2/Garrison | Core integrity fell below 50% 3626 | -2/Garrison | Core integrity fell below 20% 3629 | -2/Garrison | Destroyed by H-88 Terminator with KE Penetrator Last Messages --------------- 03605_ Storage Shell breached. 03606_ Storage Shell collapses. 03612_ Slug penetrates Wall. 03613_ P-80 Master resets P-80 Master, system corruption cleaned. 03613_ Storage Shell breached. 03614_ Storage Shell collapses. 03614_ Storage Shell breached. 03615_ Slug penetrates Wall. 03616_ Storage Shell breached. 03618_ Slug penetrates Wall. 03620_ Installed Proton Bomb Trap. 03622_ Slug penetrates P-80 Master. 03622_ Penetrated by Slug. 03623_ System corrupted: Energy discharge (-39). 03623_ Penetrated by Slug. 03624_ Installed Proton Bomb Trap. 03625_ Slug penetrates Storage Shell. 03626_ Penetrated by Slug. 03628_ Slug penetrates P-80 Master. 03628_ Penetrated by Slug. Map ----- +----------------------------------------------------+ | | | | | | | ??????????????????????????????????????? | | ??????????????????????????????????????? | | ??????????????????????????????????????? | | ??????????????????????????????????????? | | ??????????????????????????????????????? | | ??????????????????????????????????????? | | ??????????????????????????????????????? | | ??????????????????????????????????????? | | ??????????????????????????????????????? | | ?????????????####?????????????????????? | | ?????????????# ?????????????????????? | | ?????????????# ?????????????????????? | | ?????????????# ????????????????????? | | ?????????????# #????????????????????? | | ?????????????# #????????????????????? | | ?????????????# #?############???????? | | ?????????????# #?# && && #???????? | | ?????????????# #?# && && #???????? | | ?????????????# ### "#???????? | | ?????????????# ## #???????? | | ?????????????# ## # """#???????? | | ??####???????# # #???????? | | ?? #???????# g #m@ #???????? | | ?? #???????# ## # p #???????? | | ??# ###?????# g## hh p #???????? | | ??# ??????# ### """ "#???????? | | ??# ??????# #?# "&& ^^ #???????? | | ??# ???????# #?# "&&" "^& #???????? | | ??# #???????# #?############???????? | | ??# #???????# g #????????????????????? | | ??# #???????# #????????????????????? | | ### ######### #????????????????????? | | g ######???????????????? | | #???????????????? | | #???????????????? | | #################### #???????????????? | | ????????????????????? #???????????????? | | ??????????????????????#???????????????? | | ??????????????????????????????????????? | | ??????????????????????????????????????? | | ??????????????????????????????????????? | | ??????????????????????????????????????? | | ??????????????????????????????????????? | | ??????????????????????????????????????? | | ??????????????????????????????????????? | | ??????????????????????????????????????? | | ??????????????????????????????????????? | +----------------------------------------------------+ Best States ------------- Heat Dissipation 49 Energy Generation 18 Energy Capacity 160 Matter Stores 300 Matter Capacity 300 Sight Range 20 Terrain Scan Density 10 Armor Coverage 150 Propulsion Shielding 66 Utility Shielding 66 Evasion (%) 64 Recoil Reduction 4 Item Schematics ----------------- None Robot Schematics ------------------ None Fabricated ------------ Nothing Alien Tech Used ----------------- None Achievements -------------- None Challenges ------------ None Game ------ Seed CoreSurveybotBuckler Manual? 0 Play Time 01:03:29 Cumulative 645.0 hours Start 2022.07.19 @ 08:39:36 End 2022.07.19 @ 12:18:10 Sessions 7 Manual Loads 0 Difficulty Rogue Special Mode None Game No. 490 Rogue 490 Adventurer 0 Explorer 0 Win Type - Total 166 Types 91/9/49/6/3/2/4/1/1 Lore% 95 Gallery% 93 Achievement% 84 Wizard Run 0 Options --------- ASCII 1 Keyboard 0 Movement Vi Keybinds 0 Fullscreen 1 Font 16/Smallcaps Map View 184x79 Tactical HUD 1 Map Filters NONE Filters NONE Steam 1 RUN: 06ee1ab5-64b8-4625-a396-d9876cee9693